 Dungeon Crawl Stone Soup version 0.25-a0-306-g3faca94807 (webtiles) character file.

Game seed: 10186563546499104280, levelgen mode: deterministic

65 Redear the Skirmisher (level 3, -4/30 HPs)
             Began as a Mummy Monk on Dec 21, 2019.
             Slain by an adder (5 damage)
             ... on level 2 of the Dungeon.
             The game lasted 00:01:46 (1890 turns).

Redear the Skirmisher (Mummy Monk)                  Turns: 1890, Time: 00:01:46

Health: -4/30      AC:  0    Str: 14    XL:     3   Next: 92%
Magic:  3/3        EV: 13    Int:  9    God:
Gold:   26         SH:  0    Dex: 15    Spells: 2/2 levels left

rFire    x . .     SeeInvis .     - Unarmed
rCold    + . .     Gourm    .   (no shield)
rNeg     + + +     Faith    .   (no armour)
rPois    ∞         Spirit   .   (no helmet)
rElec    .         Reflect  .   (no cloak)
rCorr    .         Harm     .   (no gloves)
MR       .....                  (no boots)
Stlth    ++........             (no amulet)
HPRegen  0.10/turn              (no ring)
MPRegen  0.08/turn              (no ring)

@: no status effects
A: no food or potions, fire vulnerability, cold resistance 1, negative energy
resistance 3, torment resistance, unbreathing
a: no special abilities


You were on level 2 of the Dungeon.
You were not hungry.

You visited 1 branch of the dungeon, and saw 2 of its levels.

You collected 26 gold pieces.

Inventory:

Scrolls
 a - a scroll of enchant weapon
 N - a scroll of remove curse {@r2}
 R - 2 scrolls of identify


   Skills:
 + Level 3.7 Fighting
 + Level 3.0 Dodging
 - Level 1.5 Stealth
 + Level 3.0 Unarmed Combat


You had 2 spell levels left.
You didn't know any spells.
Your spell library was empty.

Dungeon Overview and Level Annotations

Branches:
Dungeon (2/15)

Altars:


Innate Abilities, Weirdness & Mutations

You do not eat or drink.
Your flesh is vulnerable to fire.
You are immune to poison.
Your flesh is cold resistant. (rC+)
You are immune to negative energy. (rN+++)
You are immune to unholy pain and torment.
You can survive without breathing.


Message History

* * * LOW HITPOINT WARNING * * *
You take 1 damage, and have 9/30 hp.
As you read the scroll labeled JUKHLI MAUSYUWN, it crumbles to dust.
You feel blessed for a moment.
It was a scroll of remove curse.
N - a scroll of remove curse The adder bites you.
* * * LOW HITPOINT WARNING * * *
The adder bites you.
* * * LOW HITPOINT WARNING * * *
You take 6 damage, and have 3/30 hp.
As you read the scroll labeled PEOXYI DIOFOIM, it crumbles to dust.
It is a scroll of identify.
a - a scroll of enchant weapon;
R - 2 scrolls of identify The adder bites you.
* * * LOW HITPOINT WARNING * * *
You take 2 damage, and have 1/30 hp.
As you read the scroll labeled XYUWAM GADUIH, it crumbles to dust.
It is a scroll of amnesia.
You feel forgetful for a moment. The adder bites you.
You die...

#.......##.†.....#
#.###...##..######
#....#..########
.###....#..........
........##.#######.
..###.#.##.# #
#.#.##.# ##
#.#.##.######...##
#.......@S.......#
#.###.#####.$.....
#.....# .......
####..# ......$
#..# ...?..# #..#
##....# #..# #.#.#
#..# .#.#


You could see an adder.

Vanquished Creatures
  2 adders (D:2)
  2 oozes (D:1)
  A dart slug (D:2)
  A giant cockroach (D:1)
  5 goblins (D:1)
  10 hobgoblins (D:1)
  A ball python (D:1)
  3 bats (D:1)
  A frilled lizard (D:1)
  4 kobolds (D:1)
  6 rats
36 creatures vanquished.

Notes
Turn   | Place    | Note
-------+----------+-------------------------------------------
     0 | D:1      | Redear the Mummy Monk began the quest for the Orb.
     0 | D:1      | Reached XP level 1. HP: 18/18 MP: 1/1
   395 | D:1      | Reached XP level 2. HP: 24/24 MP: 2/2
   747 | D:1      | Reached XP level 3. HP: 25/29 MP: 3/3
  1832 | D:2      | Reached skill level 3 in Dodging
  1879 | D:2      | Reached skill level 3 in Unarmed Combat
  1888 | D:2      | HP: 3/30 [adder (3)]
  1889 | D:2      | HP: 1/30 [adder (2)]
  1890 | D:2      | Slain by an adder

Levels and vault maps discovered:
D:1:      onia_arrival_mini_spirals, layout_loops_ring
D:2:      lemuel_upstairs_altar, layout_loops_ring, overflow_temple_1_default

Skill      XL: |  1  2  3 |
---------------+----------+-----
Dodging        | 3 |  3.0
Unarmed Combat | 3 |  3.0
Fighting       | |  3.7
Stealth        | |  1.5

Action                   || total
-------------------------++-------
Melee: Unarmed           ||   134
  Use: Scroll            ||     3
 Stab: Sleeping          ||     5
Dodge: Dodged            ||    80

Table legend:
 A = Non-vault XP
 B = Vault XP
 C = Vault XP percentage of total XP
 D = Non-vault monster count
 E = Vault monster count
 F = Vault count percentage of total count
                 A         B        C        D         E       F
            +---------+---------+-------+---------+---------+-------
      Total |      93 |       0 |   0.0 |      36 |       0 |   0.0
            +---------+---------+-------+---------+---------+-------
        D:1 |      61 |       0 |   0.0 |      32 |       0 |   0.0
        D:2 |      32 |       0 |   0.0 |       4 |       0 |   0.0
            +---------+---------+-------+---------+---------+-------
